AoeStats
← 1109919864

Arena

510329348Analyzed
1v1 RM · 2d ago on Sep 30, 2026· 40m 7s· 2 players
Game mode
Random Map
Map size
Tiny (2 player)
Population
200
Speed
Normal
Resources
Standard
Victory
Conquest
Starting age
Dark Age
Ending age
Imperial Age
RankedLock teamsTeams togetherTeam positionsShared explorationLock speedFull tech treeHidden civsTurbo modeCheats
Victory
Defeat
🇪🇸 Georgians · Spain
1061
+16
🇨🇳 Goths · China
1069
-16
SMcognition
4:40 Loom
11:04 Feudal Age
15:14 Castle Age
14:40 Double-Bit Axe
17:49 Horse Collar
25:00 Wheelbarrow
24:11 Town Watch
28:56 Imperial Age
28:19 Hand Cart
28:00 Fletching
28:11 Padded Archer Armor
27:44 Man-at-Arms
29:10 Ballistics
28:40 Guard Tower
29:02 Bodkin Arrow
29:18 Forging
29:08 Scale Mail Armor
28:31 Long Swordsman
28:57 Gambesons
29:49 Svan Towers
29:47 Two-Handed Swordsman
32:05 Bracer
32:41 Iron Casting
32:21 Chain Mail Armor
32:35 Champion
34:30 Siege Engineers
34:12 Arrowslits
35:21 Squires
35:07 Arson
37:02 Keep
38:16 Blast Furnace
38:30 Masonry
40:03 Plate Mail Armor
40:41 Conscription
1109919864
10:21 Feudal Age
10:49 Loom
13:49 Double-Bit Axe
16:29 Castle Age
24:14 Bow Saw
25:17 Gold Mining
25:20 Stone Mining
28:47 Anarchy
28:53 Scale Mail Armor
29:03 Forging
29:54 Stone Shaft Mining
30:27 Wheelbarrow
32:41 Imperial Age
34:04 Horse Collar
34:47 Conscription
33:50 Elite Huskarl
34:59 Chain Mail Armor
35:19 Iron Casting
39:10 Blast Furnace
Connection lost

Rejoining the realm…

Still unreachable

The connection could not be restored.

Session expired

The server has moved on; the page needs a fresh start.